 Dungeon Crawl Stone Soup version 0.31-a0-986-g5e6e4ef867 (webtiles) character file.

Game seed: 4860300568930088258

30 Persephone the Poker (level 3, 0/29 HPs)
             Began as a Merfolk Berserker on Nov 6, 2023.
             Was a Believer of Trog.
             Slain by Sigmund
             ... wielding a +0 scythe
              (6 damage)
             ... on level 2 of the Dungeon.
             The game lasted 00:01:57 (1113 turns).

Persephone the Poker (Merfolk Berserker)            Turns: 1113, Time: 00:01:58

Health: 0/29       AC:  7    Str: 19    XL:     3   Next: 20%
Magic:  3/3        EV:  7    Int:  6    God:    Trog [**....]
Gold:   41         SH:  0    Dex: 13    Spells: 2/2 levels left

rFire   . . .        a - +0 spear
rCold   . . .        (no shield)
rNeg    . . .        h - +0 scale mail
rPois   .            (no helmet)
rElec   .            i - +0 cloak
rCorr   .            (no gloves)
SInv    .            (no boots)
Will    .....        (no amulet) Stlth
                     (no ring)
HPRegen 1.04/turn    (no ring)
MPRegen 0.08/turn

%: no passive effects
@: on berserk cooldown, attractive, slowed, constricted, very slow
A: (nimble swimmer 2), mertail, regeneration 1
a: Renounce Religion, Berserk, Trog's Hand


You were on level 2 of the Dungeon.
You worshipped Trog.
Trog was pleased with you.
You visited 1 branch of the dungeon, and saw 2 of its levels.

You collected 41 gold pieces.

Inventory:

Hand Weapons
 a - a +0 spear (weapon)
Missiles
 c - 5 poisoned darts (quivered)
Armour
 b - a +0 animal skin
 h - a +0 scale mail (worn)
 i - a +0 cloak (worn)
Scrolls
 d - 2 scrolls of identify {unknown}
 g - a scroll of noise {unknown}
Potions
 f - a potion of attraction


   Skills:
 - Level 3.2 Fighting
 + Level 5.6 Polearms
 - Level 1.3 Armour
 - Level 2.6 Dodging


You had 2 spell levels left.
You didn't know any spells.
Your spell library was empty.

Dungeon Overview and Level Annotations

Branches:
Dungeon (2/15)

Altars:

Shops:
D:1 ![?=(

Annotations:
D:2 Sigmund


Innate Abilities, Weirdness & Mutations

((You are very nimble when in or above water. (Stealth+, EV+, Speed+++)))
Your lower body shifts to a powerful aquatic tail in water.
Your natural rate of healing is unusually fast.


Message History

You barely miss something. You hit something. Something hits you.
You closely miss something. Something hits you.
You barely miss something. Something hits you but does no damage.
You miss something. Something hits you!
* * * LOW HITPOINT WARNING * * *
You hit something but do no damage. Something hits you.
* * * LOW HITPOINT WARNING * * *
It was a potion of mutation.
You feel extremely strange.
You begin to heal more quickly.
Something hits you but does no damage.
It was a potion of attraction.
You feel attractive to monsters.
You hear some strange, mumbled words.
A magic dart appears from out of thin air!
The magic dart hits you but does no damage.
You miss something.
You hear some strange, mumbled words.
You are confused.
You closely miss something. Something hits you but does no damage.
You hear some strange, mumbled words.
A puff of flame appears from out of thin air!
The puff of flame misses you. Something is attracted toward you.
The ball python is attracted toward you.
You bump into the rock wall.
Something hits you!
* * * LOW HITPOINT WARNING * * *
You hit something but do no damage. Something hits you but does no damage.
Okay, then.
You feel less confused. Something hits you but does no damage.
Something is attracted toward you.
The ball python is attracted toward you.
The rat is attracted toward you.
You hit something but do no damage. Something hits you but does no damage.
The ball python barely misses you. The ball python grabs you.
The ball python constricts you.
* * * LOW HITPOINT WARNING * * *
You barely miss something.
The ball python bites you but does no damage.
The ball python constricts you. Something hits you.
You die...

... #.# #.# ......
#.. ##.# ......
#.###..r#
......##.#...#ยง#
....>.....# #r##
...#.#..# #S.##
#.....#####@.##.#
##...............#
##..........##.###...
#<.#........# .# #
#...........# ..
...##.....[..# ..#
###.##.#######...##
#.##.# .#.# #.##[#
.#.#


You could see a ball python and a rat.

Vanquished Creatures
  A worm (D:2)
  A dart slug (D:1)
  A ball python (D:1)
  A bat (D:1)
  An endoplasm (D:1)
  A giant cockroach (D:1)
  4 goblins (D:1)
  2 hobgoblins (D:1)
  2 jackals (D:1)
  3 quokkas (D:1)
  3 kobolds (D:1)
  2 rats (D:1)
22 creatures vanquished.

Notes
Turn   | Place    | Note
-------+----------+-------------------------------------------
     0 | D:1      | Persephone the Merfolk Berserker began the quest for the
                  | Orb.
     0 | D:1      | Reached XP level 1. HP: 18/18 MP: 1/1
   129 | D:1      | Found Hiqueph's Magic Scroll Shoppe.
   155 | D:1      | Found Hoigodw Ugou's Jewellery Shoppe.
   217 | D:1      | Reached XP level 2. HP: 24/24 MP: 2/2
   268 | D:1      | Found Isacvuot's Weapon Shoppe.
   281 | D:1      | Reached skill level 5 in Polearms
   418 | D:1      | Found Muzxiogo's Antique Armour Shoppe.
   597 | D:1      | Reached XP level 3. HP: 29/29 MP: 3/3
   729 | D:1      | Reached ** piety under Trog
   734 | D:1      | Found Zoukinua's Distillery.
  1081 | D:2      | Noticed Sigmund
  1104 | D:2      | Gained mutation: Your natural rate of healing is unusually
                  | fast. [potion of mutation]
  1113 | D:2      | Slain by Sigmund

Illustrated notes

Levels and vault maps discovered:
D:1:      wander_arrival_chamber, layout_loops_ring, serial_shops,
          nicolae_shop_bloodbath_and_beyond, shop,
          nicolae_shop_temple_entry_statues_fountains, shop,
          nicolae_shop_pleasant_corner_grove, serial_park_tiny_2,
          serial_bayou_pond_d
D:2:      layout_rooms, uniq_terence, uniq_sigmund, uniq_robin

Skill      XL: |  1  2 |
---------------+-------+-----
Polearms       | 5 |  5.6
Fighting       | |  3.2
Armour         | |  1.3
Dodging        | |  2.6

Action                     || total
---------------------------++-------
  Melee: Spear             ||    72
  Throw: Dart              ||    39
 Invoke: Berserk           ||     1
    Use: Potion            ||     2
   Stab: Sleeping          ||     1
 Armour: Animal skin       ||    17
         Scale mail        ||    21
  Dodge: Dodged            ||    15

Table legend: (Time is in decaauts)
 A = Elapsed time spent in this place.
 B = Non-inter-level travel time spent in this place.
 C = Inter-level travel time spent in this place.
 D = Time resting spent in this place.
 E = Time spent auto-exploring this place.
 F = Levels seen in this place.
 G = Mean time per level.
                   A        B        C        D        E       F      G
               +--------+--------+--------+--------+--------+-----+--------+
         Total |   1105 |   1031 |     74 |      0 |    824 |   2 |  552.5 |
       Dungeon |   1105 |   1031 |     74 |      0 |    824 |   2 |  552.5 |
               +--------+--------+--------+--------+--------+-----+--------+

Top non-repeatable levels by time:
     D:1: 1047 daAuts
     D:2: 57 daAuts
